 Dungeon Crawl Stone Soup version 0.31.0-11-ge490571c62 (webtiles) character file.

Game seed: 4647080815702035441

75 qw the Shooter (level 4, -1/25 HPs)
             Began as a Deep Elf Hunter on Feb 4, 2024.
             Killed from afar by Ijyb (7 damage)
             ... with a puff of flame
             ... on level 3 of the Dungeon.
             The game lasted 00:00:05 (1511 turns).

qw the Shooter (Deep Elf Hunter)                    Turns: 1511, Time: 00:00:05

Health: -1/25      AC:  5    Str: 10    XL:     4   Next: 11%
Magic:  6/6        EV: 11    Int: 14    God:
Gold:   79         SH:  0    Dex: 18    Spells: 3/3 levels left

rFire   . . .        a - +1 shortbow
rCold   . . .        (shield currently unavailable)
rNeg    . . .        g - +0 ring mail
rPois   .            (no helmet)
rElec   .            (no cloak)
rCorr   .            (no gloves)
SInv    .            (no boots)
Will    .....        (no amulet)
Stlth   +            (no ring)
HPRegen 0.24/turn    (no ring)
MPRegen 0.10/turn

%: no passive effects
@: no status effects
A: no striking features
a: no special abilities


You were on level 3 of the Dungeon.
You visited 1 branch of the dungeon, and saw 3 of its levels.

You collected 79 gold pieces.


   Skills:
 - Level 1.5 Fighting
 + Level 7.5 Ranged Weapons
 - Level 2.4 Dodging
 - Level 1.2 Stealth


You had 3 spell levels left.
You didn't know any spells.
Your spell library was empty.

Inventory:

Hand Weapons
 a - a +1 shortbow (weapon)
Armour
 g - a +0 ring mail (worn)
Scrolls
 b - a scroll of revelation {unknown}
Potions
 c - a potion of magic {unknown}
 d - a potion of mutation {unknown}
 e - a potion of might {unknown}

Dungeon Overview and Level Annotations

Branches:
Dungeon (3/15)

Altars:

Annotations:
D:3 Ijyb


Message History

The endoplasm quivers.
You shoot an arrow. The arrow hits the endoplasm!
You kill the endoplasm!
You see here a +0 sling.
You see here a +0 spear.
An endoplasm comes into view.
You shoot an arrow. The arrow hits the endoplasm!
You kill the endoplasm!
Ijyb the Twisted Goblin comes into view.
She is wielding a +0 dagger and carrying a wand of flame.
Ijyb shouts!
Ijyb zaps a wand.
The puff of flame hits you!
You shoot an arrow. The arrow hits Ijyb.
Ijyb is lightly wounded.
You shoot an arrow. The arrow hits Ijyb but does no damage.
Ijyb is lightly wounded.
You hear an angry hiss.
A frilled lizard comes into view.
Ijyb hits you with a +0 dagger.
You shoot an arrow. The arrow closely misses Ijyb.
Ijyb hits you with a +0 dagger. x2
You shoot an arrow. The arrow hits Ijyb but does no damage.
Ijyb is lightly wounded.
Ijyb hits you but does no damage.
You shoot an arrow. The arrow hits Ijyb but does no damage.
Ijyb is lightly wounded.
The frilled lizard closely misses you. Ijyb hits you with a +0 dagger.
You shoot an arrow. The arrow hits Ijyb but does no damage.
Ijyb is lightly wounded.
The frilled lizard bites you. Ijyb hits you but does no damage.
You shoot an arrow. The arrow hits Ijyb.
Ijyb is moderately wounded.
The frilled lizard bites you but does no damage.
Ijyb barely misses you.
You shoot an arrow. The arrow hits Ijyb!
Ijyb is heavily wounded.
The frilled lizard closely misses you. Ijyb barely misses you.
You shoot an arrow. The arrow closely misses Ijyb.
The frilled lizard bites you but does no damage.
Ijyb zaps a wand.
The puff of flame hits you!
You die...

#......).........#
#..~~~
#..#######....####
#..### #..#
#.....###### #...
#..#######..........#
#...
#....................
#.#..<...)##.######.#
#.#.#.###...........#
#.#.#<# ####.######.#
#.#.#.# #@# #.#:#.#
#lg...... ..#.#.#
......... #.#.#.#
.########. #.#.# #.
#.# #


You could see Ijyb and a frilled lizard.

Vanquished Creatures
  2 adders (D:2)
  A dart slug (D:1)
  A ribbon worm (D:2)
  7 endoplasms
  5 giant cockroaches
  5 goblins
  9 hobgoblins
  5 jackals
  3 ball pythons
  2 bats (D:1)
  3 frilled lizards (D:2)
  2 kobolds
  A rat (D:1)
46 creatures vanquished.

Notes
Turn   | Place    | Note
-------+----------+-------------------------------------------
     0 | D:1      | qw the Deep Elf Hunter began the quest for the Orb.
     0 | D:1      | Reached XP level 1. HP: 12/12 MP: 3/3
     0 | D:1      | 0 ||| qw: Version: 0.3-a-160-g6735b56
     0 | D:1      | 0 ||| qw: Game counter: 5603
     0 | D:1      | 0 ||| qw: Melee chars always use a shield: true
     0 | D:1      | 0 ||| qw: God list: Okawaru
     0 | D:1      | 0 ||| qw: Allow faded altars: false
     0 | D:1      | 0 ||| qw: Do Orc after clearing Dungeon:15 true
     0 | D:1      | 0 ||| qw: Do second Lair branch before Depths: true
     0 | D:1      | 0 ||| qw: Lair rune preference: random
     0 | D:1      | 0 ||| qw: Goals: Normal
     0 | D:1      | 0 ||| PLANNING D:1-11
    84 | D:1      | Reached XP level 2. HP: 16/16 MP: 4/4
   108 | D:1      | Reached skill level 6 in Ranged Weapons
   452 | D:1      | 452 ||| UPGRADING to +0 ring mail.
   471 | D:1      | 471 ||| DROPPING +0 leather armour.
   888 | D:1      | 888 ||| READING scroll labelled MEIF GIC BATS.
   889 | D:1      | 889 ||| READING scroll labelled RUXASO NEHURU.
   889 | D:1      | 889 ||| ENCHANTING +0 shortbow.
   890 | D:1      | 890 ||| DROPPING scroll of butterflies.
   923 | D:2      | Reached XP level 3. HP: 20/20 MP: 5/5
   944 | D:2      | 944 ||| FLEEEEING.
   945 | D:2      | 945 ||| FLEEEEING.
  1094 | D:2      | Reached skill level 7 in Ranged Weapons
  1308 | D:2      | 1308 ||| READING scroll labelled JASERR EWNUU.
  1337 | D:3      | Reached XP level 4. HP: 25/25 MP: 6/6
  1502 | D:3      | Noticed Ijyb
  1508 | D:3      | HP: 6/25 [frilled lizard (2)]
  1511 | D:3      | Killed from afar by Ijyb

Levels and vault maps discovered:
D:1:      dpeg_arrival_arbitrary_a, layout_loops_ring, hangedman_glass_teeth,
          chequers_arboretum, st_stairs_14, hangedman_decor_points,
          minmay_misc_feat_tower, hangedman_decor_peaks_small
D:2:      layout_rooms
D:3:      layout_loops_ring, shapermc_ecumenical_altar_hornbeckon, minivault_4,
          grunt_decor_clamped, uniq_ijyb

Skill      XL: |  1  2  3 |
---------------+----------+-----
Ranged Weapons | 6 7 |  7.5
Fighting       | |  1.5
Dodging        | |  2.4
Stealth        | |  1.2

Action                     |  1- 3 |  4- 6 || total
---------------------------+-------+-------++-------
   Fire: Shortbow          |    87 |    20 ||   107
    Use: Scroll            |     3 |       ||     3
 Armour: Leather armour    |     1 |       ||     1
         Skin              |     1 |       ||     1
         Ring mail         |    10 |    11 ||    21
  Dodge: Dodged            |    17 |     4 ||    21

Table legend:
 A = Non-vault XP
 B = Vault XP
 C = Vault XP percentage of total XP
 D = Non-vault monster count
 E = Vault monster count
 F = Vault count percentage of total count
                 A         B        C        D         E       F
            +---------+---------+-------+---------+---------+-------
      Total |     105 |       3 |   2.8 |      44 |       2 |   4.3
            +---------+---------+-------+---------+---------+-------
        D:1 |      37 |       3 |   7.5 |      20 |       2 |   9.1
        D:2 |      56 |       0 |   0.0 |      18 |       0 |   0.0
        D:3 |      12 |       0 |   0.0 |       6 |       0 |   0.0
            +---------+---------+-------+---------+---------+-------
